 Dungeon Crawl Stone Soup version 0.28-a0-1339-ga5422284a4 (webtiles) character file.

Game seed: 13768358093470920697

112 bande the Covered (level 4, -8/29 HPs)
             Began as a Gargoyle Fighter on Dec 29, 2021.
             Killed by divine providence
             ... invoked by an orc priest
              (10 damage)
             ... on level 2 of the Dungeon.
             The game lasted 00:03:44 (2484 turns).

bande the Covered (Gargoyle Fighter)                Turns: 2484, Time: 00:03:44

Health: -8/29      AC: 14    Str: 19    XL:     4   Next: 95%
Magic:  4/4        EV:  9    Int:  9    God:
Gold:   62         SH:  0    Dex: 11    Spells: 3/3 levels left

rFire   . . .      SeeInvis .   k - +2 hand axe (freeze)
rCold   + . .      Faith    .   c - +0 buckler
rNeg    + . .      Spirit   .   l - +4 scale mail {rC+}
rPois   ∞          Reflect  .   (no helmet)
rElec   +          Harm     .   (no cloak)
rCorr   .          Rampage  .   (no gloves)
Will    .....                   (no boots)
Stlth   ..........              (no amulet)
HPRegen 0.09/turn               (no ring)
MPRegen 0.09/turn               (no ring)

@: confused, flying
A: sickness immunity, AC +3, negative energy resistance 1, electricity
resistance, torment resistance 1, petrification resistance
a: no special abilities


You were on level 2 of the Dungeon.
You visited 1 branch of the dungeon, and saw 2 of its levels.

You collected 62 gold pieces.

Inventory:

Hand Weapons
 a - a +0 vorpal war axe
 k - a +2 hand axe of freezing (weapon)
Armour
 c - a +0 buckler (worn)
 i - an orb of energy
 l - a +4 scale mail of cold resistance (worn)
Potions
 d - a potion of might
 j - a potion of magic {unknown}


   Skills:
 + Level 3.9 Fighting
 + Level 3.2 Axes
 + Level 4.0 Armour
 + Level 3.8 Shields


You had 3 spell levels left.
You didn't know any spells.
Your spell library was empty.

Dungeon Overview and Level Annotations

Branches:
Dungeon (2/15)

Altars:


Innate Abilities, Weirdness & Mutations

You are immune to sickness and miasma.
Your stone body is resilient. (AC +3)
You are immune to poison.
You resist negative energy. (rN+)
You are resistant to electric shocks. (rElec)
You are resistant to unholy torment.
You are immune to petrification.


Message History

The orc barely misses you.
The orc wizard points at you and mumbles some strange words.
The puff of flame hits you but does no damage.
You hit the orc wizard. You freeze the orc wizard.
The orc wizard is moderately wounded.
You feel less confused. The orc barely misses you.
The orc wizard points at you and mumbles some strange words.
The magic dart hits you but does no damage.
The orc hits you but does no damage.
You hit the orc wizard but do no damage.
The orc wizard is moderately wounded.
You hit the orc but do no damage. You block the orc's attack.
The orc hits you but does no damage. The orc wizard barely misses you.
The orc priest invokes the aid of Beogh against you.
Beogh smites you!
Ouch! That really hurt!
* * * LOW HITPOINT WARNING * * *
You closely miss the orc wizard.
The orc wizard is moderately wounded.
You hit the orc priest. You freeze the orc priest. You hit the orc.
You freeze the orc. The orc closely misses you.
The orc hits you but does no damage.
The orc priest hits you but does no damage.
Unknown command.
The orc hits you but does no damage. x2
The orc wizard casts a spell at you.
You are confused.
The orc priest hits you with a +0 short sword.
* * * LOW HITPOINT WARNING * * *
Unknown command.
It was a potion of flight.
You feel very buoyant.
You fly up into the air.
The orc barely misses you. The orc hits you but does no damage.
The orc wizard points at you and mumbles some strange words.
You resist with some effort.
The orc priest invokes the aid of Beogh against you.
Beogh smites you!
You die...

..#...#...........##
#......†...
.###.#............#.
########.#.
.......#########..#.#####
#.#.
...#..###.........#.....#
#.#. ......#
..#...#...#.....######.#.
.#.#..#
..........#............#.
.#.#..#
..........#..............
# #.
........o..>....######.##
..#...#o@.#.##'#### #.#
#.......oo#.#.....# #.#
#########..# #.....# ###
...........#.#.....#
...........#.##.########
........................
..########.####.########
#.. #######.####.........
.. #...
.....................


You could see an orc priest, an orc wizard and 2 orcs.

Vanquished Creatures
  Terence (D:2)
  4 gnolls
  An adder (D:2)
  A dart slug (D:1)
  An orc (D:2)
  3 endoplasms (D:1)
  A giant cockroach (D:1)
  5 goblins
  2 hobgoblins
  A quokka (D:1)
  3 ball pythons
  3 bats
  5 frilled lizards
  6 kobolds (D:1)
  5 rats
42 creatures vanquished.

Notes
Turn   | Place    | Note
-------+----------+-------------------------------------------
     0 | D:1      | bande the Gargoyle Fighter began the quest for the Orb.
     0 | D:1      | Reached XP level 1. HP: 14/14 MP: 1/1
   526 | D:1      | Reached XP level 2. HP: 19/19 MP: 2/2
   634 | D:1      | Found a faded altar of an unknown god.
   701 | D:1      | Reached XP level 3. HP: 17/23 MP: 3/3
  1576 | D:2      | Noticed Terence
  1591 | D:2      | Killed Terence
  1592 | D:2      | Reached XP level 4. HP: 7/29 MP: 4/4
  2068 | D:2      | Reached skill level 4 in Armour
  2484 | D:2      | Killed from afar by an orc priest

Illustrated notes

Levels and vault maps discovered:
D:1:      dpeg_arrival_erosion, layout_loops_ring,
          shapermc_ecumenical_altar_totnotflames, hangedman_feature_mirror
D:2:      cheibrodos_pilgrimage, layout_basic, kennysheep_flooded_box,
          uniq_terence

Skill      XL: |  1  2  3  4 |
---------------+-------------+-----
Axes           | 2 3 |  3.2
Armour         | 4 |  4.0
Fighting       | |  3.9
Shields        | |  3.8

Action                   |  1- 3 |  4- 6 || total
-------------------------+-------+-------++-------
Melee: War axe           |    86 |     1 ||    87
       Hand axe          |       |    38 ||    38
  Use: Scroll            |     3 |     2 ||     5
       Potion            |       |     1 ||     1
Armor: Scale mail        |    41 |    25 ||    66
Dodge: Dodged            |    38 |    29 ||    67
Block: Buckler           |    21 |    11 ||    32

Table legend: (Time is in decaauts)
 A = Elapsed time spent in this place.
 B = Non-inter-level travel time spent in this place.
 C = Inter-level travel time spent in this place.
 D = Time resting spent in this place.
 E = Time spent auto-exploring this place.
 F = Levels seen in this place.
 G = Mean time per level.
                   A        B        C        D        E       F      G
               +--------+--------+--------+--------+--------+-----+--------+
         Total |   2525 |   2525 |      0 |    965 |   1180 |   2 | 1262.5 |
       Dungeon |   2525 |   2525 |      0 |    965 |   1180 |   2 | 1262.5 |
               +--------+--------+--------+--------+--------+-----+--------+

Top non-repeatable levels by time:
     D:1: 1410 daAuts
     D:2: 1114 daAuts
